 Dungeon Crawl Stone Soup version 0.24-a0-809-g71cb82dfb8 (webtiles) character file.

Game seed: 16553729749919793787, levelgen mode: deterministic

113 dorpapst the Caller (level 4, -5/22 HPs)
             Began as a Vine Stalker Summoner on Oct 11, 2019.
             Slain by a scorpion (8 damage)
             ... on level 3 of the Dungeon.
             The game lasted 00:32:10 (3418 turns).

dorpapst the Caller (Vine Stalker Summoner)         Turns: 3418, Time: 00:32:10

Health: -5/22      AC:  3    Str: 10    XL:     4   Next: 96%
Magic:  0/9        EV: 12    Int: 16    God:
Gold:   137        SH:  0    Dex: 15    Spells: 2/8 levels left

rFire    . . .     SeeInvis .   k - +2 whip (distort)
rCold    . . .     Gourm    .   (no shield)
rNeg     . . .     Faith    +   g - +0 robe
rPois    .         Spirit   +   (no helmet)
rElec    .         Reflect  .   (no cloak)
rCorr    .         Harm     .   (no gloves)
MR       .....                  r - +0 pair of boots
Stlth    ++........             p - amulet of faith
HPRegen  0.47/turn              (no ring)
MPRegen  0.11/turn              (no ring)

@: lethally poisoned (-5 -> -6)
A: fangs 2, rugged brown scales 1, deformed body, regeneration 1, wild magic 1,
magic shield, antimagic bite, no potion heal 3, rot immunity
a: no special abilities


You were on level 3 of the Dungeon.
You were not hungry.

You visited 1 branch of the dungeon, and saw 4 of its levels.

You collected 137 gold pieces.

Inventory:

Hand Weapons
 i - a +0 dagger
 k - a +2 whip of distortion (weapon)
 t - a cursed +0 dagger
Armour
 g - a +0 robe (worn)
 r - a +0 pair of boots (worn)
Jewellery
 p - an amulet of faith (around neck)
Scrolls
 d - 4 scrolls of identify {unknown}
 e - a scroll of random uselessness {unknown}
 j - 2 scrolls of teleportation
 l - 3 scrolls of enchant weapon {unknown}
 m - 2 scrolls of remove curse {unknown}
 n - a scroll of enchant armour {unknown}
 q - a scroll of magic mapping {unknown}
 w - a scroll of fog {unknown}
Potions
 a - a potion of degeneration {unknown}
 b - a potion of haste {unknown}
 f - 2 potions of mutation
 h - 2 potions of curing
 o - a potion of cancellation {unknown}
 s - a potion of berserk rage {unknown}
 u - a potion of might {unknown}
 v - a potion of heal wounds {unknown}
Comestibles
 c - 8 rations
 x - 3 chunks of flesh


   Skills:
 + Level 1.4 Fighting
 - Level 0.5 Maces & Flails
 - Level 1.9 Dodging
 - Level 2.4 Stealth
 + Level 2.6 Spellcasting
 * Level 5.2 Summonings


You had 2 spell levels left.
You knew the following spells:

 Your Spells              Type           Power        Failure   Level  Hunger
a - Summon Small Mammal   Summ           ###.         4%          1    #......
b - Call Imp              Summ           ###.....     6%          2    ##.....
c - Call Canine Familiar  Summ           ###.....     11%         3    ###....

Your spell library contained the following spells:

 Spells                   Type           Power        Failure   Level  Hunger
 Summon Guardian Golem    Hex/Summ       ##......     28%         3    ###....
 Summon Ice Beast         Ice/Summ       ##......     63%         4    #####..
 Summon Lightning Spire   Summ/Air       ##......     63%         4    #####..


Dungeon Overview and Level Annotations

Branches:
Dungeon (4/15)
 Temple: D:4-7

Altars:


Innate Abilities, Weirdness & Mutations

You have extremely sharp teeth.
Your natural rate of healing is unusually fast.
When hurt, damage is shared between your health and your magic reserves.
Your bite disrupts and absorbs the magic of your enemies.
Potions cannot restore your health.
You are immune to rotting.
You are partially covered in rugged brown scales. (AC +1, +3% HP)
Armour fits poorly on your strangely shaped body.
Your spells are a little harder to cast, but a little more powerful.


Message History

Items here: ) [ ÷ † a +0 short sword; a +0 chain mail; an orc corpse; a gnoll skeleton You hit the scorpion but do no damage.
The scorpion blinks!
The scorpion misses you.
Your white imp closely misses the scorpion.
You barely miss the scorpion. The scorpion completely misses you.
Your white imp misses the scorpion.
You hit the scorpion.
Space bends around the scorpion.
Your bite misses the scorpion.
The scorpion is lightly wounded.
You feel sick. The scorpion stings you.
* * * LOW HITPOINT WARNING * * *
You are more poisoned.
The scorpion poisons you!
Your white imp hits the scorpion but does no damage.
You hit the scorpion.
Space bends around the scorpion.
Your bite misses the scorpion.
The scorpion is heavily wounded.
You feel sick. The scorpion stings you!
You die...

#.##.#†#..#....##..#
#)##.#.##.#.#.###..#
#.#[.#.##....## #..#
#.#.##.##.#.## #..#
#.#.##.##.#.# #..#
#.#.##.##.#.#####÷÷#
#.#.##.##.........÷(
#.#5s........####...
#.>@...##.....####.#
######.............#
#........######
#####...## ##.##
#.########
#.........
##########


You could see a scorpion and a friendly white imp.

Vanquished Creatures
  An adder (D:3)
  2 bats
  A rat (D:1)
4 creatures vanquished.

Vanquished Creatures (collateral kills)
  A worker ant (D:4)
  4 gnolls
  4 adders
  2 oozes
  2 worms
  A dart slug (D:3)
  6 orcs (D:3)
  A ball python (D:2)
  A giant cockroach (D:1)
  9 goblins
  7 hobgoblins
  7 jackals
  4 kobolds
  2 quokkas
  5 bats
  7 frilled lizards
  5 rats
68 creatures vanquished.

Grand Total: 72 creatures vanquished

Notes
Turn   | Place    | Note
-------+----------+-------------------------------------------
     0 | D:1      | dorpapst the Vine Stalker Summoner began the quest for the
                  | Orb.
     0 | D:1      | Reached XP level 1. HP: 9/9 MP: 4/4
   404 | D:1      | Reached XP level 2. HP: 13/13 MP: 3/6
  1278 | D:2      | Gained mutation: Your spells are a little harder to cast,
                  | but a little more powerful. [potion of mutation]
  1278 | D:2      | Gained mutation: Armour fits poorly on your strangely
                  | shaped body. [potion of mutation]
  1278 | D:2      | Gained mutation: You are partially covered in rugged brown
                  | scales. (AC +1, +3% HP) [potion of mutation]
  1292 | D:2      | Reached XP level 3. HP: 4/17 MP: 3/7
  1625 | D:2      | Learned a level 2 spell: Call Imp
  1749 | D:2      | Learned a level 3 spell: Call Canine Familiar
  2367 | D:3      | Reached skill level 1 in Fighting
  2367 | D:3      | Gained mutation: Your natural rate of healing is unusually
                  | fast. [Vine Stalker growth]
  2367 | D:3      | Reached XP level 4. HP: 22/22 MP: 3/8
  2834 | D:3      | Reached skill level 5 in Summonings
  3259 | D:4      | HP: 1/22 [gnoll/+0 spear (5)]
  3418 | D:3      | Slain by a scorpion

Levels and vault maps discovered:
D:1:      nicolae_arrival_washed_ashore, layout_basic, hangedman_decor_points
D:2:      layout_rooms
D:3:      layout_loops_ring
D:4:      layout_rooms, first_ration

Skill      XL: |  1  2  3  4 |
---------------+-------------+-----
Fighting       | 1 |  1.4
Summonings     | 5 |  5.2
Maces & Flails | |  0.5
Dodging        | |  1.9
Stealth        | |  2.4
Spellcasting   | |  2.6

Action                   |  1- 3 |  4- 6 || total
-------------------------+-------+-------++-------
Melee: Whip              |     6 |     9 ||    15
       Bite              |       |     1 ||     1
 Cast: Summon Small Mamm |    55 |    13 ||    68
       Call Imp          |    12 |    22 ||    34
       Call Canine Famil |     3 |     2 ||     5
  Use: Potion            |     2 |       ||     2
       Scroll            |     1 |       ||     1
  Eat: Chunk             |     4 |     4 ||     8
       Ration            |     1 |       ||     1
Armor: Robe              |     7 |     7 ||    14
Dodge: Dodged            |    19 |    30 ||    49

Table legend:
 A = Non-vault XP
 B = Vault XP
 C = Vault XP percentage of total XP
 D = Non-vault monster count
 E = Vault monster count
 F = Vault count percentage of total count
                 A         B        C        D         E       F
            +---------+---------+-------+---------+---------+-------
      Total |     162 |       0 |   0.0 |      72 |       0 |   0.0
            +---------+---------+-------+---------+---------+-------
        D:1 |      23 |       0 |   0.0 |      20 |       0 |   0.0
        D:2 |      36 |       0 |   0.0 |      16 |       0 |   0.0
        D:3 |      78 |       0 |   0.0 |      34 |       0 |   0.0
        D:4 |      25 |       0 |   0.0 |       2 |       0 |   0.0
            +---------+---------+-------+---------+---------+-------
